 Dungeon Crawl Stone Soup version 0.20-a0-513-g02c11fc (webtiles) character file.

1790635 Charly the Mender (level 27, 213/234 HPs)
             Began as a Deep Dwarf Wanderer on Jan 20, 2017.
             Was a Priest of Elyvilon.
             Escaped with the Orb
             ... and 3 runes on Jan 22, 2017!
             The game lasted 06:11:21 (63397 turns).

Charly the Mender (Deep Dwarf Wanderer)            Turns: 63397, Time: 06:11:22

Health: 213/234    AC: 41    Str: 34    XL:     27
Magic:  15/15      EV: 31    Int: 12    God:    Elyvilon [***...]
Gold:   3675       SH: 30    Dex: 28    Spells: 25/26 levels left

rFire    + + .     SeeInvis +   b - +3 sacred scourge (holy)
rCold    . . .     Gourm    .   P - +10 plate armour {rF+}
rNeg     + . .     Faith    +   z - +3 large shield
rPois    +         Spirit   .   q - +2 helmet {SInv}
rElec    .         Reflect  .   I - +0 cloak of Ipason {rPois rF+ Int-3 Dex+7}
rCorr    .         Harm     .   M - +2 pair of gloves {Str+3}
MR       ++++.                  U - +0 pair of boots "Xablum" {+Inv Str+8}
Stlth    ..........             r - amulet of faith
Regen    0.0/turn               d - +5 ring of dexterity
                                n - ring "Arudem" {rPois EV+4}

@: non-regenerating
A: damage resistance, recharge devices, frail 1, negative energy resistance 1,
sense surroundings 3, slow regeneration 3, subdued magic 1
0: Orb of Zot
}: 3/15 runes: decaying, silver, gossamer
a: Heal Wounds, Lesser Healing, Heal Other, Purification, Divine Protection,
Renounce Religion, Evoke Invisibility


You escaped.
You worshipped Elyvilon.
Elyvilon was most pleased with you.
You were full.

You visited 10 branches of the dungeon, and saw 50 of its levels.
You visited the Abyss 1 time.
You visited 1 ziggurat, and saw 5 of its levels.
You also visited: Sewer and Ice Cave.

You collected 8041 gold pieces.
You spent 4366 gold pieces at shops.

Inventory:

Hand Weapons
 a - a +9 eveningstar of freezing
 b - a +3 sacred scourge of holy wrath (weapon)
 y - a +2 eveningstar of venom
Missiles
 K - 2 throwing nets (quivered)
Armour
 j - +0 gold dragon scales
 q - a +2 helmet of see invisible (worn)
 z - a +3 large shield (worn)
 I - the +0 cloak of Ipason (worn) {rPois rF+ Int-3 Dex+7}
   (You acquired it on level 1 of the Lair of Beasts)

   It affects your intelligence (-3).
   It affects your dexterity (+7).
   It protects you from fire.
   It protects you from poison.
 M - a +2 pair of gloves of strength (worn)
 P - a +10 plate armour of fire resistance (worn)
 U - the +0 pair of boots "Xablum" (worn) {+Inv Str+8}
   (You found it on level 5 of the Vaults)

   It affects your strength (+8).
   It lets you turn invisible.
Jewellery
 c - an uncursed ring of ice
 d - a +5 ring of dexterity (right hand)
 e - the ring of Eblaexto {+Fly rElec rN++ Dex-3}
   (You bought it in a shop on level 1 of the Elven Halls)

   [ring of flight]

   It affects your dexterity (-3).
   It insulates you from electricity.
   It greatly protects you from negative energy.
   It lets you fly.
 f - an uncursed ring of protection from fire
 i - an uncursed ring of see invisible
 m - an uncursed ring of protection from magic
 n - the ring "Arudem" (left hand) {rPois EV+4}
   (You took it off a vault warden on level 5 of the Vaults)

   [ring of evasion]

   It affects your evasion (+4).
   It protects you from poison.
 r - an amulet of faith (around neck)
 C - an uncursed ring of resist corrosion
Wands
 R - a wand of digging (9/24)
 V - a wand of iceblast (3/15)
Scrolls
 g - 21 scrolls of teleportation
 h - 12 scrolls of fear
 o - 9 scrolls of identify
 u - 6 scrolls of magic mapping
 A - 11 scrolls of immolation
 F - 26 scrolls of remove curse
 H - 5 scrolls of blinking
 J - 2 scrolls of silence
 Q - 6 scrolls of fog
 S - 7 scrolls of recharging
 T - a scroll of summoning
Potions
 k - 5 potions of haste
 t - 12 potions of curing
 v - 8 potions of cancellation
 x - 3 potions of cure mutation
 B - 2 potions of might
 D - 2 potions of resistance
 G - a potion of invisibility
 N - 4 potions of agility
 O - 4 potions of flight
Books
 p - a book of Spatial Translocations

   Spells                             Type                      Level
   a - Blink                          Translocation                2
   b - Shroud of Golubria             Charms/Translocation         2
   c - Lesser Beckoning               Translocation                3
   d - Portal Projectile              Translocation                3
   e - Teleport Other                 Translocation                3
   f - Passage of Golubria            Translocation                4
 L - a book of Battle

   Spells                             Type                      Level
   a - Infusion                       Charms                       1
   b - Shroud of Golubria             Charms/Translocation         2
   c - Song of Slaying                Charms                       2
   d - Spectral Weapon                Hexes/Charms                 3
   e - Regeneration                   Charms/Necromancy            3
Miscellaneous
 s - a fan of gales
 E - 2 phantom mirrors
Comestibles
 l - 24 meat rations
 w - 2 bread rations


   Skills:
 + Level 17.9 Fighting
 + Level 19.7(20.5) Maces & Flails
   Level 10.0(15.2) Staves
   Level 3.2 Crossbows
 + Level 21.9 Armour
 + Level 20.4 Dodging
 - Level 1.2 Stealth
 + Level 21.2 Shields
 + Level 26.1 Invocations
 - Level 3.0 Evocations


You had 25 spell levels left.
You knew the following spells:

 Your Spells              Type           Power        Failure   Level  Hunger
a - Apportation           Tloc           #.....       98%         1    ##.....


Dungeon Overview and Level Annotations

Branches:
Dungeon (15/15)            Temple (1/1) D:6            Lair (6/6) D:8
  Swamp (4/4) Lair:3       Spider (4/4) Lair:2        Slime (0/5) Lair:6
    Orc (2/2) D:9             Elf (3/3) Orc:2        Vaults (5/5) D:13
  Crypt (0/3) Vaults:3     Depths (5/5) D:15            Zot (5/5) Depths:5

Altars:
Ashenzari
Cheibriados
Dithmenos
Elyvilon
Fedhas
Gozag
Hepliaklqana
Kikubaaqudgha
Makhleb
Nemelex Xobeh
Okawaru
Qazlal
Ru
Sif Muna
Trog
Uskayaw
Vehumet
Xom
Yredelemnul
Zin
The Shining One
Beogh
Jiyva
Lugonu

Shops:
D:8 %   Orc:1 [   Orc:2 *[([   Elf:1 ==}   Elf:3 :

Portals:
Hell: Depths:1 Depths:2 Depths:3 Depths:4 Depths:5
Abyss: Depths:4 Depths:5
Pandemonium: Depths:1 Depths:3

Annotations:
D:2 exclusion: downstairs
D:4 exclusion: upstairs
D:14 exclusion: Roxanne, Roxanne
Lair:4 exclusion: oklob plant
Lair:5 exclusion: 4 oklob plants, Rupert
Lair:6 exclusion: oklob plant
Zot:2 1 exclusion


Innate Abilities, Weirdness & Mutations

You are resistant to damage.
You can recharge devices by infusing magical energy.
You resist negative energy. (rN+)
You passively map a large area around you.
You do not regenerate.
You are frail. (-10% HP)
Your spells are a little easier to cast, but a little less powerful.


Message History

A cacodemon comes into view.
You thrash the chaos spawn!!
The chaos spawn convulses!
The chaos spawn is severely wounded.
You block the chaos spawn's attack.
You thrash the chaos spawn!!
You kill the chaos spawn!
The chaos spawn degenerates into a cloud of primal chaos!
The cacodemon gestures at you.
Strange energies course through your body.
You feel frail.
You hear a grinding noise.
You hear a grinding noise.
You see here a club.
You hear a grinding noise.
You see here a +0 robe.
There is a staircase leading out of the dungeon here.
The cacodemon gestures at you.
Strange energies course through your body.
Your connection to magic feels subdued.
You have escaped!

#### ...# ##.###########
#...........#
###########.###### #.##.@.#
##### #.##...# ##### ##...##
#.##...# #.... ##.....##
#.##...###########.###
#.....(.####.##...#.........†.#
..............#...#############
#.......#######...############
##.....## #.2.#..........#
##...## #...##########.#


You could see a cacodemon.

Vanquished Creatures
  4 orbs of fire (Zot:5)
  Mennas (Depths:5)
  2 ancient liches (Zot:5)
  Sojobo (Depths:3)
  Boris (Depths:2)
  7 Killer Klowns
  7 curse toes
  14 golden dragons
  2 profane servitors
  2 bone dragons
  2 electric golems (Zot:5)
  12 tentacled monstrosities
  2 liches
  26 Orb Guardians
  3 deep elf blademasters (Elf:3)
  2 deep elf master archers (Elf:3)
  5 quicksilver dragons
  7 titans
  9 sphinxes
  A tentacled starspawn (Abyss:5)
  An Executioner (D:10)
  5 death cobs
  9 tengu reavers
  11 shadow dragons
  13 storm dragons
  2 thorn hunters (Swamp:3)
  Donald (Elf:3)
  3 large abominations
  5 draconian monks
  A revenant (Depths:2)
  A fire giant (shapeshifter) (Zig:3)
  4 ghost moths
  13 fire giants
  3 iron dragons
  2 balrugs
  7 frost giants
  13 vault wardens
  6 draconian scorchers
  4 deep elf elementalists (Elf:3)
  7 draconian knights
  6 deep elf sorcerers
  Louise (Elf:2)
  6 draconian shifters
  16 ironheart preservers
  8 draconian annihilators
  4 spriggan defenders (Depths:3)
  3 entropy weavers
  18 stone giants
  4 draconian stormcallers
  A stone giant (shapeshifter) (Zig:4)
  29 very ugly things
  13 green draconians
  8 deep elf demonologists
  5 vampire knights
  The ghost of Yoshimo the Spear-Bearer, a journeyman MfSu of Qazlal (D:14)
  7 yellow draconians
  6 black draconians
  9 deep elf annihilators
  15 red draconians
  4 purple draconians
  4 white draconians
  An eidolon (Vaults:3)
  12 spark wasps
  6 deep elf death magi
  16 ettins
  11 fire dragons
  11 yaktaur captains
  7 jiangshi
  5 deep elf high priests
  12 great orbs of eyes
  A quicksilver dragon zombie (Depths:2)
  7 ice dragons
  4 rakshasas
  6 spriggan air magi
  33 vault guards
  25 hydras
  5 death knights
  7 alligators
  A catoblepas (shapeshifter) (Vaults:5)
  53 two-headed ogres
  11 dancing weapons
  13 ogre magi
  14 centaur warriors
  5 deep troll earth magi
  9 tengu warriors
  9 deep troll shamans
  A vampire mage (Depths:2)
  Urug (D:10)
  2 death yaks
  An orc high priest (Orc:2)
  4 spriggan berserkers
  A shock serpent (shapeshifter) (Zig:4)
  5 thrashing horrors (Abyss:5)
  2 sun demons (Depths:3)
  A storm dragon zombie (Depths:2)
  7 iron trolls
  24 deep elf knights
  A death drake (shapeshifter) (Vaults:5)
  2 fire crabs (shapeshifter)
  5 skeletal warriors
  A wretched star (Abyss:5)
  A salamander mystic (Depths:3)
  11 hell knights
  2 sixfirhies (Depths:1)
  4 glowing orange brains
  An unseen horror (D:15)
  15 swamp dragons
  A glowing orange brain (shapeshifter) (Vaults:5)
  4 shadow wraiths
  5 spriggan druids
  2 unseen horrors (shapeshifter)
  34 deep trolls
  9 flayed ghosts
  An obsidian statue (Zig:3)
  A shadow demon (Depths:1)
  2 wizards
  9 ironbrand convokers
  2 lindwurms (Lair:5)
  7 deep elf archers
  A harpy (shapeshifter) (Vaults:5)
  Pikel (D:5)
  10 necromancers
  7 harpies
  4 shambling mangroves
  46 ugly things
  13 orc knights
  47 deep elf magi
  3 salamanders (Depths:3)
  7 orc sorcerers
  2 sphinx skeletons (Depths:2)
  An orb spider (Spider:4)
  An orb spider (shapeshifter) (Vaults:5)
  4 manticores
  31 wolf spiders
  2 tengu skeletons
  A moth of wrath (shapeshifter) (Vaults:4)
  A salamander (shapeshifter) (Vaults:1)
  6 centaur zombies
  A shining eye (shapeshifter) (Vaults:4)
  9 elephants (Lair:6)
  23 moths of wrath
  2 frost giant zombies (Depths:2)
  A spectral fire dragon (Zig:2)
  5 cyclopes
  A fire giant skeleton (Depths:2)
  A stone giant skeleton (Depths:2)
  2 apocalypse crabs
  A smoke demon (Abyss:5)
  3 gargoyles
  A torpor snail (Spider:1)
  7 black mambas
  3 frost giant skeletons
  17 vault sentinels
  An orange demon (D:12)
  2 kobold demonologists (D:11)
  A molten gargoyle (Depths:4)
  16 spiny frogs
  45 yaktaurs
  A rime drake (Lair:5)
  11 komodo dragons
  7 freezing wraiths
  A hellion (Zig:5)
  12 demonic crawlers
  A hellwing (Depths:1)
  A guardian mummy (D:15)
  5 tengu conjurers
  2 queen bees
  2 trolls (shapeshifter)
  A polar bear (shapeshifter) (Vaults:5)
  5 polar bears
  4 meliai
  8 trolls
  Grinder (D:3)
  32 jumping spiders
  A wolf spider simulacrum (Abyss:5)
  2 wind drakes (shapeshifter)
  A small abomination (Vaults:4)
  A meliai (shapeshifter) (Vaults:2)
  26 hornets
  2 raiju (shapeshifter)
  10 bog bodies
  A blink frog (shapeshifter) (Depths:5)
  2 spriggan zombies (Depths:2)
  40 slime creatures
  A fire dragon zombie (D:15)
  13 blink frogs
  A raiju (Abyss:5)
  A dream sheep (shapeshifter) (Depths:3)
  2 hippogriffs (shapeshifter)
  10 hippogriffs
  29 tarantellas
  An elf zombie (Depths:2)
  64 redbacks
  4 flying skulls
  An ettin skeleton (Zig:5)
  8 spriggans
  A wraith (Vaults:3)
  A spriggan (shapeshifter) (Vaults:4)
  15 water elementals
  2 vampires
  A ynoxinul (Depths:1)
  A spriggan skeleton (Depths:2)
  16 air elementals
  3 shadows
  A fire dragon skeleton (D:15)
  A deep troll skeleton (D:15)
  3 wyverns
  A wyvern (shapeshifter) (Vaults:3)
  21 yaks
  A fire elemental (Elf:3)
  3 hungry ghosts
  A neqoxec (Abyss:5)
  4 basilisks
  A chaos spawn (D:1)
  A basilisk (shapeshifter) (Vaults:5)
  A yaktaur simulacrum (Vaults:1)
  An elf skeleton (Depths:2)
  18 vampire mosquitoes
  17 insubstantial wisps
  4 human zombies
  7 wargs
  21 swamp worms
  A soldier ant (D:15)
  7 acid dragons
  8 porcupines
  A porcupine (shapeshifter) (Vaults:5)
  Duvessa (D:5)
  18 swamp drakes
  10 water moccasins
  48 orc warriors
  2 slaves (D:5)
  5 black bears
  5 ice beasts
  A black bear (shapeshifter) (Vaults:4)
  A necrophage (D:5)
  A sky beast (D:5)
  An eye of draining (shapeshifter) (Zig:4)
  5 phantoms
  An ogre (shapeshifter) (Vaults:3)
  27 ogres
  9 boggarts
  19 wolves
  10 crocodiles
  26 centaurs
  The ghost of Yoshimo the Poker, an amateur MfSu (D:3)
  2 big kobolds (D:11)
  28 bullfrogs
  3 earth elementals
  A wyvern zombie (D:11)
  An ogre simulacrum (Vaults:1)
  Dowan (D:5)
  A water moccasin zombie (D:12)
  4 wyvern skeletons
  4 scorpions
  47 killer bees
  18 wights
  3 electric eels
  10 howler monkeys
  9 crimson imps
  6 hounds
  3 quasits
  23 orc wizards
  4 bullfrog zombies
  26 orc priests
  5 bullfrog skeletons
  5 centaur skeletons
  2 jellies
  2 iguanas
  A merfolk siren (Sewer)
  A merfolk avatar (Sewer)
  11 worker ants
  A killer bee zombie (D:8)
  3 hound skeletons
  A worker ant zombie (D:5)
  5 gnolls
  8 adders
  3 river rats
  4 shadow imps
  3 white imps (Depths:1)
  2 oozes (D:4)
  An ufetubus (Depths:1)
  An adder skeleton (D:10)
  4 adder zombies
  A worm (D:2)
  12 leopard geckos
  109 orcs
  7 ball pythons
  11 giant cockroaches
  11 goblins
  5 hobgoblins
  15 jackals
  4 quokkas
  12 bats
  7 frilled lizards
  10 kobolds
  2 leopard gecko skeletons (D:4)
  2 quokka zombies (D:5)
  28 rats
  A crawling corpse (Vaults:4)
2336 creatures vanquished.

Vanquished Creatures (others)
  A golden dragon (Vaults:5)
  A quicksilver dragon (Vaults:5)
  A fire giant (Depths:5)
  A deep elf sorcerer (Vaults:1)
  2 vault wardens (Vaults:2)
  A ghost moth (Zot:5)
  Snorg (Lair:5)
  A deep elf demonologist (Vaults:1)
  A deep elf annihilator (Vaults:5)
  2 spark wasps (Spider:4)
  A deep elf death mage (Elf:3)
  A vault guard (Vaults:1)
  A hydra (Lair:3)
  A spriggan air mage (Depths:4)
  2 deep troll shamans (Depths:4)
  2 death yaks (Lair:3)
  An orc high priest (Orc:2)
  A deep troll earth mage (Depths:4)
  A tengu warrior (D:15)
  A spriggan berserker (Depths:3)
  2 hell knights (Depths:2)
  An iron troll (Depths:4)
  A flayed ghost (Vaults:3)
  2 wizards
  A deep elf archer (Vaults:3)
  An orb spider (Spider:4)
  3 ironbrand convokers
  2 orc sorcerers (Orc:2)
  A necromancer (Depths:4)
  2 deep elf magi
  A komodo dragon (Lair:1)
  A cyclops (Vaults:1)
  2 vault sentinels
  A torpor snail (Lair:6)
  A spiny frog (Lair:5)
  2 rime drakes (Lair:6)
  A yaktaur (Vaults:1)
  2 meliai
  2 hornets
  A meliai (shapeshifter) (Vaults:3)
  A hippogriff (Lair:5)
  A flying skull (Zig:5)
  A spriggan (Swamp:3)
  A redback (Spider:1)
  A vampire (D:13)
  A wyvern (D:11)
  9 yaks
  A water moccasin (Lair:6)
  An orc warrior (Vaults:5)
  A swamp drake (Swamp:3)
  A centaur (D:11)
  A boggart (Vaults:3)
  An ogre (Vaults:1)
  8 killer bees
  2 orc priests (Orc:2)
  2 orc wizards
  A hell rat (Lair:5)
  6 orcs
  A bush (Lair:3)
  A crawling corpse (Elf:3)
  33 fungi
  50 plants
  5 starspawn tentacles (Abyss:5)
  2 withered plants (D:15)
186 creatures vanquished.

Grand Total: 2522 creatures vanquished

Notes
Turn   | Place    | Note
-------+----------+-------------------------------------------
     0 | D:1      | Charly the Deep Dwarf Wanderer began the quest for the Orb.
     0 | D:1      | Charly set off with: a +2 quarterstaff, a +0 hand crossbow, 31 bolts, a potion of lignification, a +0 robe, a bread ration
     0 | D:1      | Reached XP level 1. HP: 18/18 MP: 2/2
   272 | D:1      | Reached XP level 2. HP: 25/25 MP: 3/3
   918 | D:2      | Reached XP level 3. HP: 27/31 MP: 4/4
  1159 | D:2      | Reached XP level 4. HP: 32/38 MP: 5/5
  1204 | D:2      | Found a sacrificial altar of Ru.
  1682 | D:3      | Noticed Grinder
  1692 | D:3      | Paralysed by Grinder for 7 turns
  1725 | D:3      | Paralysed by Grinder for 3 turns
  1732 | D:3      | Paralysed by Grinder for 5 turns
  1976 | D:3      | Reached XP level 5. HP: 21/44 MP: 6/6
  2099 | D:3      | Found a glowing drain.
  2099 | D:3      | Noticed Yoshimo's ghost (amateur MfSu)
  2142 | D:3      | Killed Yoshimo's ghost
  2142 | D:3      | Reached skill level 5 in Staves
  2183 | Sewer    | Entered a sewer
  2315 | Sewer    | Reached XP level 6. HP: 33/51 MP: 6/6
  2816 | D:4      | Found a radiant altar of Vehumet.
  2996 | D:4      | Reached XP level 7. HP: 57/57 MP: 6/6
  3619 | D:5      | Entered Level 5 of the Dungeon
  3962 | D:5      | Noticed Duvessa
  3962 | D:5      | Noticed Dowan
  3990 | D:5      | Killed Duvessa
  3990 | D:5      | Reached XP level 8. HP: 52/69 MP: 7/7
  4008 | D:5      | Killed Dowan
  4534 | D:5      | Noticed Pikel
  4592 | D:5      | Killed Pikel
  4592 | D:5      | Reached skill level 5 in Fighting
  4719 | D:5      | Gained mutation: You passively map the area around you. [Deep Dwarf growth]
  4719 | D:5      | Reached XP level 9. HP: 68/82 MP: 7/7
  5084 | D:5      | Found a deep blue altar of Sif Muna.
  5395 | D:6      | Found a staircase to the Ecumenical Temple.
  5410 | Temple   | Entered the Ecumenical Temple
  5427 | Temple   | Became a worshipper of Elyvilon the Healer
  5476 | D:6      | Reached skill level 1 in Invocations
  5604 | D:6      | Reached skill level 10 in Staves
  5619 | D:6      | Reached skill level 2 in Invocations
  5985 | D:6      | Reached skill level 1 in Maces & Flails
  6010 | D:6      | Reached skill level 3 in Invocations
  6183 | D:7      | Reached skill level 4 in Invocations
  6333 | D:7      | Noticed a purple ugly thing
  6481 | D:7      | Reached * piety under Elyvilon
  6627 | D:7      | Reached skill level 5 in Invocations
  6737 | D:7      | Reached XP level 10. HP: 63/94 MP: 8/10
  6775 | D:7      | Killed a purple ugly thing
  6784 | D:7      | Reached skill level 6 in Invocations
  6898 | D:7      | Found a snail-covered altar of Cheibriados.
  7421 | D:3      | Found a basalt altar of Yredelemnul.
  7459 | D:3      | Killed Grinder
  7512 | D:3      | Learned a level 1 spell: Apportation
  8012 | D:8      | Reached skill level 5 in Maces & Flails
  8012 | D:8      | Reached skill level 7 in Invocations
  8211 | D:8      | Noticed a two-headed ogre
  8243 | D:8      | Killed a two-headed ogre
  8243 | D:8      | Reached skill level 8 in Invocations
  8356 | D:8      | Reached ** piety under Elyvilon
  9108 | D:8      | Reached skill level 9 in Invocations
  9152 | D:8      | Found a staircase to the Lair.
  9353 | D:8      | Found Tigaops's Food Emporium.
  9466 | D:9      | Reached XP level 11. HP: 57/100 MP: 10/10
  9710 | D:9      | Found a staircase to the Orcish Mines.
 10139 | D:10     | Entered Level 10 of the Dungeon
 10467 | D:10     | Noticed Urug
 10502 | D:10     | Killed Urug
 10502 | D:10     | Reached skill level 10 in Invocations
 10878 | D:10     | Reached *** piety under Elyvilon
 11327 | D:10     | Reached skill level 1 in Dodging
 11445 | D:11     | Noticed a two-headed ogre
 11466 | D:11     | Pacified a two-headed ogre
 11504 | D:11     | Noticed a two-headed ogre
 11574 | Lair:1   | Entered Level 1 of the Lair of Beasts
 11670 | Lair:1   | Reached skill level 11 in Invocations
 11927 | Lair:1   | Identified a scroll of acquirement
 11928 | Lair:1   | Got a steaming cloak
 11939 | Lair:1   | Identified the +0 cloak of Ipason {rPois rF+ Int-3 Dex+7} (You acquired it on level 1 of the Lair of Beasts)
 12666 | Lair:2   | Reached **** piety under Elyvilon
 12828 | Lair:2   | Found a hole to the Spider Nest.
 12854 | Lair:2   | Reached skill level 5 in Shields
 13181 | Lair:3   | Reached ***** piety under Elyvilon
 13244 | Lair:3   | Noticed an eight-headed hydra
 13247 | Lair:3   | Pacified an eight-headed hydra
 13251 | Lair:3   | Killed a death yak
 13252 | Lair:3   | Killed an eight-headed hydra
 13291 | Lair:3   | Noticed a death yak
 13291 | Lair:3   | Noticed a death yak
 13292 | Lair:3   | Pacified a death yak
 13292 | Lair:3   | Reached XP level 12. HP: 87/136 MP: 14/14
 13293 | Lair:3   | Noticed a death yak
 13327 | Lair:3   | Found a staircase to the Swamp.
 13341 | Lair:3   | Noticed a death yak
 13341 | Lair:3   | Pacified a death yak
 13347 | Lair:3   | Pacified a death yak
 13409 | Lair:3   | Reached skill level 12 in Invocations
 13419 | Lair:3   | Noticed a six-headed hydra
 13421 | Lair:3   | Pacified a six-headed hydra
 13483 | Lair:3   | Noticed a death yak
 13512 | Lair:3   | Killed a death yak
 13528 | Lair:3   | Pacified a death yak
 13539 | Lair:3   | Killed a death yak
 13634 | Lair:3   | Noticed a six-headed hydra
 13636 | Lair:3   | Pacified a six-headed hydra
 14200 | Lair:4   | Reached skill level 5 in Armour
 14526 | Lair:4   | Reached skill level 10 in Maces & Flails
 14526 | Lair:4   | Reached skill level 5 in Dodging
 15081 | D:11     | Pacified a two-headed ogre
 15332 | D:11     | Reached skill level 13 in Invocations
 16021 | D:12     | Noticed a five-headed hydra
 16028 | D:12     | Pacified a five-headed hydra
 16137 | D:12     | Reached XP level 13. HP: 79/115 MP: 11/11
 17031 | Lair:5   | Noticed Snorg
 17044 | Lair:5   | Pacified Snorg
 17072 | Lair:5   | Killed Snorg
 17212 | Lair:5   | Reached skill level 14 in Invocations
 17602 | Lair:5   | Noticed Rupert
 17615 | Lair:5   | Paralysed by Rupert for 6 turns
 17701 | Lair:6   | Entered Level 6 of the Lair of Beasts
 17736 | Lair:6   | Found a staircase to the Slime Pits.
 17736 | Lair:6   | Found a viscous altar of Jiyva.
 17956 | Lair:6   | Reached skill level 15 in Invocations
 18225 | Lair:6   | Gained mutation: You resist negative energy. (rN+) [Deep Dwarf growth]
 18225 | Lair:6   | Reached XP level 14. HP: 72/123 MP: 11/11
 19475 | D:13     | Reached skill level 16 in Invocations
 19565 | D:13     | Found a frozen archway.
 19581 | IceCv    | Entered an ice cave
 19685 | D:13     | Gained mutation: You are robust. (+10% HP) [potion of beneficial mutation]
 20112 | D:14     | Noticed Yoshimo's ghost (journeyman MfSu)
 20246 | D:14     | Killed Yoshimo's ghost
 20665 | D:14     | Noticed Roxanne
 20999 | D:14     | Reached skill level 17 in Invocations
 21105 | D:14     | Found a glowing golden altar of the Shining One.
 21239 | D:15     | Entered Level 15 of the Dungeon
 21368 | D:15     | Reached XP level 15. HP: 86/145 MP: 11/11
 22046 | D:15     | Found a staircase to the Depths.
 22565 | Orc:1    | Entered Level 1 of the Orcish Mines
 22636 | Orc:1    | Found a roughly hewn altar of Beogh.
 22873 | Orc:1    | Found Xiqughar's Antique Armour Boutique.
 23158 | Orc:2    | Entered Level 2 of the Orcish Mines
 23321 | Orc:2    | Found a staircase to the Elven Halls.
 23430 | Orc:2    | Found a roughly hewn altar of Beogh.
 23459 | Orc:2    | Found Detintuy's Antique Armour Shop.
 23479 | Orc:2    | Bought a jasper-encrusted chain mail for 294 gold pieces
 23489 | Orc:2    | Identified the +1 chain mail of Sorcery {rElec} (You bought it in a shop on level 2 of the Orcish Mines)
 23593 | Orc:2    | Noticed an orc warlord
 23607 | Orc:2    | Pacified an orc warlord
 23633 | Orc:2    | Reached skill level 10 in Dodging
 23826 | Orc:2    | Found a roughly hewn altar of Beogh.
 23826 | Orc:2    | Found Veiloquj's Antique Weapon Shoppe.
 23832 | Orc:2    | Found Joutaf's Antique Armour Emporium.
 23895 | Orc:2    | Found a roughly hewn altar of Beogh.
 23931 | Orc:2    | Found a roughly hewn altar of Beogh.
 23991 | Orc:2    | Found a roughly hewn altar of Beogh.
 24024 | Orc:2    | Found a roughly hewn altar of Beogh.
 24085 | Orc:2    | Found a roughly hewn altar of Beogh.
 24167 | Orc:2    | Found a roughly hewn altar of Beogh.
 24193 | Orc:2    | Found Vesien's Assorted Antiques.
 24271 | Orc:2    | Upgraded the game from 0.20-a0-501-g0de2c2e to 0.20-a0-513-g02c11fc
 24311 | Orc:2    | Bought a glowing shield for 294 gold pieces
 24392 | Orc:1    | Bought a shiny plate armour for 899 gold pieces
 24474 | Orc:2    | Bought a runed helmet for 325 gold pieces
 24524 | Orc:2    | Bought a slimy flail for 238 gold pieces
 24757 | Swamp:1  | Entered Level 1 of the Swamp
 24894 | Swamp:1  | Reached skill level 18 in Invocations
 25245 | Swamp:1  | Identified the cursed +1 flail of Fimbulwinter {crush, rN+ MR- Str+6 Stlth+} (You bought it in a shop on level 2 of the Orcish Mines)
 26465 | Swamp:2  | Reached XP level 16. HP: 96/158 MP: 11/11
 26563 | Swamp:3  | Identified the cursed +3 spear of Prudence {elec, rElec Int+7 Stlth-} (You found it on level 3 of the Swamp)
 26570 | Swamp:3  | Noticed a thorn hunter
 26585 | Swamp:3  | Killed a thorn hunter
 26747 | Swamp:3  | Noticed a thorn hunter
 26820 | Swamp:3  | Killed a thorn hunter
 27389 | Swamp:4  | Entered Level 4 of the Swamp
 27806 | Spider:1 | Entered Level 1 of the Spider Nest
 28159 | Spider:1 | Reached skill level 10 in Armour
 28748 | Spider:2 | Reached skill level 19 in Invocations
 28806 | Spider:2 | Reached skill level 10 in Fighting
 29299 | Spider:3 | Got a dazzling arbalest
 29300 | Spider:3 | Identified the +4 arbalest of Zibb {velocity, rC+ Str+2 Stlth-} (You found it on level 3 of the Spider Nest)
 30078 | Spider:4 | Entered Level 4 of the Spider Nest
 30107 | Spider:4 | Reached XP level 17. HP: 141/168 MP: 7/9
 31163 | Spider:4 | Reached skill level 10 in Shields
 31172 | Spider:4 | Got a gossamer rune of Zot
 32093 | Swamp:4  | Got a decaying rune of Zot
 32758 | Orc:1    | Bought a runed plate armour for 899 gold pieces
 32849 | Elf:1    | Entered Level 1 of the Elven Halls
 33266 | Elf:1    | Gained mutation: You passively map a large area around you. [Deep Dwarf growth]
 33266 | Elf:1    | Reached XP level 18. HP: 117/181 MP: 10/10
 33655 | Elf:1    | Found Cufaskero's Jewellery Shoppe.
 33657 | Elf:1    | Found Ofiar's Gadget Shop.
 33658 | Elf:1    | Found Piwyl's Jewellery Shoppe.
 33963 | Elf:2    | Noticed Louise
 33973 | Elf:2    | Killed Louise
 33979 | Elf:2    | Got a distressingly furry large shield
 34003 | Elf:1    | Identified the cursed +0 large shield of the Aged Coins {*Contam Regen+ rCorr} (You took it off Louise on level 2 of the Elven Halls)
 34124 | Elf:1    | Gained mutation: Your magical capacity is low. (-10% MP) [mutagenic glow]
 34318 | Elf:2    | Found a runed gate.
 34429 | Elf:2    | Found a runed gate.
 34432 | Elf:2    | Found a runed gate.
 34951 | D:13     | Found a gate to the Vaults.
 35046 | Vaults:1 | Entered Level 1 of the Vaults
 35090 | Vaults:1 | Reached skill level 20 in Invocations
 37029 | Vaults:1 | Reached XP level 19. HP: 90/192 MP: 8/8
 37280 | Vaults:2 | Reached skill level 15 in Armour
 38887 | Elf:1    | Bought an uncursed ring of protection from magic for 450 gold pieces
 40581 | Vaults:3 | Found a staircase to the Crypt.
 40922 | Vaults:3 | Reached skill level 21 in Invocations
 41127 | Vaults:4 | Noticed a Brimstone Fiend
 41237 | Vaults:4 | Reached XP level 20. HP: 153/204 MP: 10/10
 42140 | Elf:1    | Bought the ring of Eblaexto {+Fly rElec rN++ Dex-3} for 642 gold pieces
 42166 | Elf:3    | Entered Level 3 of the Elven Halls
 42388 | Elf:3    | Identified the +3 chain mail of the Villain {rElec rPois rC-} (You found it on level 3 of the Elven Halls)
 42705 | Elf:3    | Reached skill level 15 in Dodging
 43221 | Elf:3    | Reached skill level 15 in Maces & Flails
 43420 | Elf:3    | Got fine gold dragon scales
 43431 | Elf:3    | Identified the cursed +1 gold dragon scales "Qeheq" {rPois rF+ rC+ MR+} (You took it off a deep elf blademaster on level 3 of the Elven Halls)
 43782 | Elf:3    | Got garnet-encrusted storm dragon scales
 43799 | Elf:3    | Identified the Tome of Hexes
 43802 | Elf:3    | Identified the Volume of Freezing Displacement
 43815 | Elf:3    | Identified the +2 storm dragon scales of the Distant Future {rElec Int+7} (You found it on level 3 of the Elven Halls)
 43933 | Elf:3    | Found Defud's Book Shop.
 44032 | Elf:3    | Noticed Donald
 44052 | Elf:3    | Killed Donald
 44242 | Orc:1    | Bought a pair of runed gloves for 325 gold pieces
 44777 | Vaults:4 | Reached XP level 21. HP: 140/214 MP: 11/11
 45657 | Depths:1 | Entered Level 1 of the Depths
 45675 | Depths:1 | Found a one-way gate leading to the halls of Pandemonium.
 46096 | Depths:1 | Reached skill level 22 in Invocations
 46341 | Depths:1 | Found a gateway to Hell.
 46825 | Depths:2 | Found an ancient bone altar of Kikubaaqudgha.
 46907 | Depths:2 | Found a hide-covered altar of Uskayaw.
 47289 | Depths:2 | Noticed Boris
 47325 | Depths:2 | Killed Boris
 48160 | Depths:2 | Reached XP level 22. HP: 134/226 MP: 12/12
 48846 | Depths:3 | Noticed Sojobo
 48871 | Depths:3 | Killed Sojobo
 48908 | Depths:3 | Noticed a golden dragon
 48923 | Depths:3 | Killed a golden dragon
 48926 | Depths:3 | Reached skill level 15 in Shields
 49825 | Depths:3 | Noticed a golden dragon
 49839 | Depths:3 | Killed a golden dragon
 49990 | Depths:3 | Identified the Guide on Transformation and Contamination
 50027 | Depths:3 | Found a sacrificial altar of Ru.
 50447 | Depths:3 | Reached skill level 23 in Invocations
 50906 | Depths:4 | Reached skill level 15 in Fighting
 50949 | Depths:4 | Reached XP level 23. HP: 141/238 MP: 13/13
 51372 | Depths:4 | Found a corrupted altar of Lugonu.
 51372 | Depths:4 | Found a one-way gate to the infinite horrors of the Abyss.
 51378 | Depths:4 | Found a gateway to a ziggurat.
 51678 | Depths:5 | Entered Level 5 of the Depths
 52086 | Depths:5 | Noticed the Enchantress
 52086 | Depths:5 | Pacified the Enchantress
 52420 | Depths:5 | Noticed Mennas
 52472 | Depths:5 | Killed Mennas
 53607 | Depths:5 | Found a gate to the Realm of Zot.
 53766 | Zig:1    | Entered Level 1 of a ziggurat
 53792 | Zig:2    | Entered Level 2 of a ziggurat
 53850 | Zig:3    | Entered Level 3 of a ziggurat
 53851 | Zig:3    | Noticed a Killer Klown
 53859 | Zig:3    | Pacified a Killer Klown
 53908 | Zig:3    | Identified the Grimoire of Venom and Self-Improvement
 53922 | Zig:4    | Entered Level 4 of a ziggurat
 53925 | Zig:4    | Noticed a Killer Klown
 53929 | Zig:4    | Pacified a Killer Klown
 53993 | Zig:5    | Entered Level 5 of a ziggurat
 54031 | Zig:5    | Reached XP level 24. HP: 215/248 MP: 12/12
 54300 | Vaults:5 | Entered Level 5 of the Vaults
 54798 | Vaults:5 | Got a silver rune of Zot
 54983 | Vaults:5 | Identified the +0 buckler of Cemmuf {*Contam rF++} (You took it off an orc sorcerer on level 5 of the Vaults)
 55134 | Vaults:5 | Identified Xinih's Tome of Feathers and the Mountains
 55437 | Vaults:5 | Reached skill level 24 in Invocations
 55532 | Vaults:5 | Got a glittering turquoise ring
 55533 | Vaults:5 | Identified the ring "Arudem" {rPois EV+4} (You took it off a vault warden on level 5 of the Vaults)
 55743 | Vaults:5 | Got a pair of scorched boots
 55754 | Vaults:5 | Identified the +0 pair of boots "Xablum" {+Inv Str+8} (You found it on level 5 of the Vaults)
 56057 | Vaults:5 | Reached XP level 25. HP: 168/259 MP: 12/12
 56918 | Zot:1    | Entered Level 1 of the Realm of Zot
 59819 | Zot:4    | Reached XP level 26. HP: 240/271 MP: 1/11
 60189 | Zot:4    | Reached skill level 25 in Invocations
 60538 | Zot:5    | Entered Level 5 of the Realm of Zot
 61438 | Zot:5    | Noticed an ancient lich
 61461 | Zot:5    | Killed an ancient lich
 61530 | Zot:5    | Noticed an orb of fire
 61535 | Zot:5    | Gained mutation: You are weak. (Str -2) [an orb of fire]
 61551 | Zot:5    | Gained mutation: You expend magic power (3 MP) to strengthen your wands. [an orb of fire]
 61556 | Zot:5    | Lost mutation: You are robust. (+10% HP) [an orb of fire]
 61563 | Zot:5    | Killed an orb of fire
 61574 | Zot:5    | Lost mutation: You expend magic power (3 MP) to strengthen your wands. [potion of cure mutation]
 61574 | Zot:5    | Lost mutation: You are weak. (Str -2) [potion of cure mutation]
 61574 | Zot:5    | Lost mutation: Your magical capacity is low. (-10% MP) [potion of cure mutation]
 61635 | Zot:5    | Noticed an ancient lich
 61790 | Zot:5    | Noticed an ancient lich
 61807 | Zot:5    | Killed an ancient lich
 61951 | Zot:5    | Reached XP level 27. HP: 205/258 MP: 8/14
 62003 | Zot:5    | Noticed an orb of fire
 62017 | Zot:5    | Killed an orb of fire
 62084 | Zot:5    | Noticed an orb of fire
 62089 | Zot:5    | Cast into level 5 of the Abyss (the power of Zot)
 62089 | Abyss:5  | Entered Level 5 of the Abyss
 62242 | Zot:5    | Escaped the Abyss
 62243 | Zot:5    | Gained mutation: You are dopey. (Int -2) [an orb of fire]
 62257 | Zot:5    | Killed an orb of fire
 62426 | Zot:5    | Noticed an orb of fire
 62440 | Zot:5    | Gained mutation: Your body sometimes deteriorates upon taking damage. [an orb of fire]
 62442 | Zot:5    | Gained mutation: Your magical capacity is low. (-10% MP) [an orb of fire]
 62450 | Zot:5    | Gained mutation: Your spells are a little easier to cast, but a little less powerful. [an orb of fire]
 62462 | Zot:5    | Killed an orb of fire
 62463 | Zot:5    | Lost mutation: Your magical capacity is low. (-10% MP) [potion of cure mutation]
 62463 | Zot:5    | Lost mutation: You are dopey. (Int -2) [potion of cure mutation]
 62463 | Zot:5    | Lost mutation: Your body sometimes deteriorates upon taking damage. [potion of cure mutation]
 62463 | Zot:5    | Lost mutation: Your spells are a little easier to cast, but a little less powerful. [potion of cure mutation]
 62538 | Zot:5    | Reached skill level 26 in Invocations
 62830 | Zot:5    | Got the Orb of Zot
 62868 | Zot:5    | Noticed an ancient lich
 63370 | D:1      | Gained mutation: You are frail. (-10% HP) [a cacodemon]
 63396 | D:1      | Gained mutation: Your spells are a little easier to cast, but a little less powerful. [a cacodemon]
 63397 | D:$      | Escaped with the Orb!

Vault maps used:
D:1:      wheals_arrival_shading
D:2:      lemuel_crystal_altar, first_bread
D:3:      yredelemnul_altar_generic, gup_sewer_entry_bowl,
          minmay_large_rounded_square, minmay_misc_feat_more_columns,
          uniq_grinder
D:4:      nicolae_overflow_crystal_walls
D:5:      lemuel_doored_altar, hangedman_abyss_or_decor_stabs, uniq_pikel,
          uniq_duvessa
D:7:      minmay_cornered_nines, kennysheep_mini_moat
D:8:      grunt_lair_entry_orc_guard_hut, serial_shops, kennysheep_little_box
D:9:      orc_0_dummy
D:10:     uniq_urug
D:13:     grunt_vaults_entry_fortified, portal_ice_cave_rime
D:14:     tso_altar, uniq_roxanne
D:15:     gammafunk_depths_entry_grave, hangedman_aviary
Temple:   lightli_temple_of_artemis
Lair:1:   gammafunk_lair_bear_cave, lemuel_fruit_tree
Lair:2:   spider_nest_entry_a, serial_bayou_shore_b
Lair:3:   swamp_mist_pool
Lair:4:   minmay_lair_oklob_tunnel, st_stairs_11, serial_bayou_shore_a
Lair:5:   hangedman_what_comes_after_a, serial_bayou, serial_bayou_ford_a,
          serial_bayou_lagoon_a, serial_bayou_pond_e, serial_bayou_pond_e,
          uniq_josephine, uniq_snorg, uniq_rupert
Lair:6:   evil_forest, slime_altar_1, minmay_lair_oklob_chamber
Swamp:1:  evilmike_swamp_ruin_house_3
Swamp:2:  cheibrodos_swamp_heart_of_darkness, hangedman_swamp_cone
Swamp:3:  evilmike_swamp_ruin_house_5, swamp_pool5
Swamp:4:  swamp, swamp_pool5
Spider:1: nicolae_spider_webs_and_nodes
Spider:3: nicolae_spider_cling_halls, hangedman_spider_tarantella_strand
Spider:4: spider_rune_water
Orc:1:    serial_shops, shop, mines1_david
Orc:2:    grunt_orc_community_town_hall, grunt_orc_community_big_house_1,
          grunt_orc_community_big_house_2, grunt_orc_community_house_1,
          grunt_orc_community_house_2, grunt_orc_community_house_2,
          grunt_orc_community_house_3, grunt_orc_community_house_1,
          grunt_orc_community_house_3, basic_altar
Elf:1:    minmay_elf_arrival_summoners, hangedman_corner_corridor,
          minmay_shop_grove
Elf:2:    uniq_louise
Elf:3:    minmay_elf_hall_circle, serial_shops, nicolae_shop_stone, uniq_donald
Vaults:1: ontoclasm_vaults_shout, nicolae_vaults_network_quinsquares,
          nicolae_vaults_network_periphery, nicolae_vaults_little_squares_5,
          v_rooms_2, v_misc_3, nicolae_vaults_little_squares_1,
          nicolae_vaults_what_the_h, nicolae_vaults_twisting_passages,
          v_alt_pattern_4, ontoclasm_vaults_loading_screen,
          ontoclasm_vaults_gateway, vaults_dpeg_encased_lava
Vaults:2: v_misc_2, grunt_vaults_hallway_short, v_rooms_5,
          nicolae_vaults_ring_of_whatevers, ontoclasm_vaults_decontamination,
          v_rooms_4, v_pattern_1, v_misc_14, nicolae_vaults_network_barrier,
          vaults_dpeg_doors, hangedman_vaults_slither
Vaults:3: v_misc_27, v_rooms_4, blue_anna_dwarven_crypt, vaults_mumra_minichess,
          v_misc_30, ontoclasm_vaults_fault, v_misc_28,
          ontoclasm_vaults_gallery, nicolae_vaults_little_ls
Vaults:4: vaults_mumra_hexcomb, vaults_dpeg_hooks, vaults_room_pool,
          vaults_room_ringed_pool, vaults_mumra_minichess_inversion, v_misc_11,
          nicolae_vaults_diagonal_hallway_8, grunt_vaults_funnel,
          vaults_mumra_lcd, nicolae_vaults_three_branches, vaults_room_door_hall
Depths:1: serial_bayou, serial_bayou_pond_a, serial_bayou_pond_a,
          serial_bayou_lagoon_b, serial_bayou_pond_e, serial_bayou_pond_c,
          serial_bayou_crossing, grunt_pan_entry_zigzag,
          pf_hell_entry_tar_spiral, minmay_misc_feat_hallway
Depths:2: hangedman_screamer, serial_bayou_pond_e, hell_entry,
          hangedman_feature_mirror, minmay_staircase_statues,
          grunt_megastairs_2, serial_bayou_shore_b
Depths:3: minmay_cut_squares, lightli_too_deep, pan_entry, old_standard_altar,
          infiniplex_staircase_trident, uniq_sojobo, uniq_enchantress
Depths:4: kennysheep_cluttered_fort, enter_ziggurat_d,
          hangedman_decor_peaks_small, abyss_entry_flame_altar, hell_entry,
          infiniplex_staircase_squiggle
Depths:5: grunt_zot_entry_tricorne, minmay_misc_feat_rugged, abyss_entry,
          hell_entry, grunt_ministairs_14, uniq_mennas
Zot:1:    grunt_megastairs_5
Zot:2:    grunt_zot_stairs_faceoff
Zot:3:    grunt_ministairs_5, st_large_dragon_hoard_1
Zot:5:    guppyfry_library_mini
Abyss:5:  evilmike_abyss_exit_6, grunt_abyss_rune_wretched_hive,
          hangedman_abyss_river_spirits
Sewer:    sewer_sea
IceCv:    ice_cave_caverns_03

Skill      XL: |  1  2  3  4  5  6  7  8  9 10 11 12 13 14 15 16 17 18 19 20 21 22 23 24 25 26 27 |
---------------+----------------------------------------------------------------------------------+-----
Staves         | 2 3 4 5 7 8 9 10 | 10.0
Fighting       | 3 5 7 8 9 10 11 12 13 14 15 16 17 | 17.9
Invocations    | 5 9 11 13 15 17 18 19 20 21 22 23 24 25 26 | 26.1
Maces & Flails | 3 7 9 10 12 13 14 15 16 17 18 19 | 19.7
Shields        | 3 5 7 9 10 11 12 13 14 15 16 19 20 21 | 21.2
Armour         | 4 5 7 8 10 12 14 16 17 18 19 20 21 | 21.9
Dodging        | 3 5 7 9 10 11 13 14 15 16 17 18 19 20 | 20.4
Evocations     | 3 |  3.0
Crossbows      | |  3.2
Stealth        | |  1.2

Action                   |  1- 3 |  4- 6 |  7- 9 | 10-12 | 13-15 | 16-18 | 19-21 | 22-24 | 25-27 || total
-------------------------+-------+-------+-------+-------+-------+-------+-------+-------+-------++-------
Melee: Quarterstaff      |    43 |   207 |   216 |       |       |       |       |       |       ||   466
       Morningstar       |       |       |    85 |   421 |       |       |       |       |       ||   506
       Eveningstar       |       |       |       |   480 |  1896 |  2015 |  2228 |  2013 |  1370 || 10002
       Sacred scourge    |       |       |       |       |       |       |       |    94 |   136 ||   230
 Fire: Hand crossbow     |    53 |    95 |   169 |   172 |    33 |       |       |       |       ||   522
Invok: Lesser Healing    |       |       |     2 |     9 |    25 |    91 |    79 |    69 |    42 ||   317
       Heal Other        |       |       |       |    24 |    65 |    56 |    28 |    24 |     1 ||   198
       Purification      |       |       |       |     2 |     1 |     7 |     1 |       |     3 ||    14
       Greater Healing   |       |       |       |    11 |    13 |     3 |    11 |     9 |    10 ||    57
       Divine Vigour     |       |       |       |     1 |       |       |       |       |       ||     1
       Divine Protection |       |       |       |       |     1 |       |       |       |       ||     1
 Abil: Heal Wounds       |       |     6 |     7 |    20 |    28 |    20 |     1 |    11 |    11 ||   104
Evoke: Wand              |       |       |     4 |     2 |     5 |    17 |    12 |    19 |    30 ||    89
  Use: Scroll            |     7 |     2 |     5 |    16 |    18 |    22 |    15 |    14 |    13 ||   112
       Potion            |       |     3 |       |     4 |     7 |    14 |     4 |     4 |    14 ||    50
 Stab: Distracted        |       |       |       |     1 |     1 |       |     1 |     5 |     1 ||     9
       Sleeping          |       |       |       |       |     2 |       |       |       |       ||     2
       Invisible         |       |       |       |       |     1 |     6 |       |       |       ||     7
  Eat: Chunk             |     1 |     6 |    10 |    22 |    17 |    18 |    33 |    22 |       ||   129
       Buggy             |       |       |     1 |     4 |       |       |       |       |       ||     5
       Fruit             |       |       |       |    23 |     1 |    22 |     3 |     1 |       ||    50
       Buggy             |       |       |       |     4 |       |       |       |       |       ||     4
       Royal jelly       |       |       |       |       |     7 |     6 |     3 |     2 |     3 ||    21
       Bread ration      |       |       |       |       |     8 |     5 |     4 |     1 |     8 ||    26
       Meat ration       |       |       |       |       |       |     1 |     2 |     3 |       ||     6
Armor: Ring mail         |    23 |    49 |   103 |   297 |   343 |       |       |       |       ||   815
       Leather armour    |     7 |       |       |       |       |       |       |       |       ||     7
       Skin              |       |    20 |       |     4 |       |       |       |       |       ||    24
       Plate armour      |       |       |       |       |   164 |   804 |   552 |   496 |   181 ||  2197
       Chain mail        |       |       |       |       |    41 |       |       |       |       ||    41
Dodge: Dodged            |    28 |    76 |    90 |   244 |   686 |   716 |   732 |   747 |   465 ||  3784
Block: Shield            |       |       |    37 |   477 |  1127 |  1313 |  1222 |   638 |       ||  4814
       Large shield      |       |       |       |       |       |       |       |   778 |  1110 ||  1888
